 Dungeon Crawl Stone Soup version 0.27-a0-650-g8dd3ea4f36 (webtiles) character file.

Game seed: 11928978288542532587

4 Anon1729 the Ducker (level 1, -2/14 HPs)
             Began as a Minotaur Air Elementalist on Mar 15, 2021.
             Slain by a hobgoblin
             ... wielding a +0 club
              (6 damage)
             ... on level 1 of the Dungeon.
             The game lasted 00:00:52 (285 turns).

Anon1729 the Ducker (Minotaur Air Elementalist)      Turns: 285, Time: 00:00:52

Health: -2/14      AC:  2    Str: 12    XL:     1   Next: 50%
Magic:  0/1        EV: 12    Int: 12    God:
Gold:   0          SH:  0    Dex: 10    Spells: 1/2 levels left

rFire    . . .     SeeInvis .   (no weapon)
rCold    . . .     Faith    .   (no shield)
rNeg     . . .     Spirit   .   a - +0 robe
rPois    .         Reflect  .   (helmet restricted)
rElec    .         Harm     .   (no cloak)
rCorr    .         Rampage  .   (no gloves)
Will     .....                  (no boots)
Stlth    ++........             (no amulet)
HPRegen  0.04/turn              (no ring)
MPRegen  0.07/turn              (no ring)

@: no status effects
A: horns 2, retaliatory headbutt
a: no special abilities


You were on level 1 of the Dungeon.
You visited 1 branch of the dungeon, and saw 1 of its levels.

Inventory:

Armour
 a - a +0 robe (worn)
Scrolls
 b - a scroll of identify {unknown}


   Skills:
 + Level 2.2 Dodging
 + Level 1.6 Stealth
 + Level 1.4 Spellcasting
 + Level 0.7 Conjurations
 + Level 2.2 Air Magic


You had one spell level left.
You knew the following spells:

 Your Spells              Type           Power      Damage    Failure   Level
a - Shock                 Conj/Air       16%        1d4       16%         1

Your spell library contained the following spells:

 Spells                   Type           Power      Damage    Failure   Level
 Swiftness                Air            6%         N/A       17%         2
 Static Discharge         Conj/Air       4%         N/A       43%         3
 Airstrike                Air            3%         N/A       75%         4
 Lightning Bolt           Conj/Air       2%         1d13      99%         5


Dungeon Overview and Level Annotations

Branches:
Dungeon (1/15)

Altars:


Innate Abilities, Weirdness & Mutations

You have a pair of horns on your head.
You reflexively headbutt those who attack you in melee.


Message History

The hobgoblin shouts!
You hear a shout! 2 goblins come into view.
The goblin shouts!
The goblin shouts!
A kobold comes into view. It is wielding a +0 short sword.
The hobgoblin closely misses you.
The kobold moves out of view.
Your magical contamination has completely faded away.
The goblin closely misses you. The goblin closely misses you.
The goblin barely misses you. The goblin misses you. You furiously retaliate!
You headbutt the goblin.
The zap misses the goblin.
The zap hits the hobgoblin.
The hobgoblin is lightly wounded.
The goblin barely misses you. The goblin hits you but does no damage.
The goblin barely misses you. The goblin hits you. The goblin hits you.
The goblin closely misses you. The goblin closely misses you.
You furiously retaliate!
You headbutt the goblin.
You kill the goblin!
The hobgoblin barely misses you. The hobgoblin hits you.
The hobgoblin barely misses you. The hobgoblin hits you.
* * * LOW HITPOINT WARNING * * *
There is a large open door here.
You are too injured to fight recklessly!
Casting: Shock (safe; 16% risk of failure)
Confirm with . or Enter, or press ? or * to list all spells.
Aiming: Shock (safe; 16% risk of failure)
Press: ? - help, Shift-Dir - straight line, f - hobgoblin
Aim: a hobgoblin, wielding a +0 club (36% to evade)
The zap hits the hobgoblin.
The hobgoblin is heavily wounded.
The zap hits the hobgoblin.
The hobgoblin is lightly wounded.
The zap misses the goblin.
The hobgoblin hits you with a +0 club.
You die...

######......#.#.....#''##≈≈≈≈≈###
'....+...≈..#8#.....#..≈≈≈≈≈##...
######.≈≈≈≈≈#########.......'..##
#....#≈.≈≈≈≈#...............'.###
.....########.........≈≈≈≈≈≈###
...............≈≈≈≈≈≈≈≈≈≈≈≈≈≈≈#
.............≈≈≈####≈≈≈≈≈≈≈≈≈≈#
.........≈≈≈≈≈≈##..##≈≈≈..≈≈≈≈#
♣.....(.....g.gg@.8.#≈≈....≈≈≈#
♣.....≈≈≈≈≈≈≈≈≈##..##≈≈≈....≈##
♣♣♣.8..≈≈≈≈≈≈≈≈≈####≈≈≈♣♣♣....
♣........###### #♣♣ ♣♣ ♣♣♣♣♣♣####


You could see 2 hobgoblins and a goblin.

Vanquished Creatures
  2 goblins (D:1)
  2 rats (D:1)
4 creatures vanquished.

Notes
Turn   | Place    | Note
-------+----------+-------------------------------------------
     0 | D:1      | Anon1729 the Minotaur Air Elementalist began the quest for
                  | the Orb.
     0 | D:1      | Reached XP level 1. HP: 14/14 MP: 1/1
   285 | D:1      | Slain by a hobgoblin

Illustrated notes

Levels and vault maps discovered:
D:1:      sevenhm_arrival_forest_fort_large_1, layout_loops_cross,
          minmay_misc_feat_doors, minmay_lizard_pond

Action                   || total
-------------------------++-------
 Cast: Shock             ||     5
Armor: Robe              ||     3
Dodge: Dodged            ||    14

Table legend: (Time is in decaauts)
 A = Elapsed time spent in this place.
 B = Non-inter-level travel time spent in this place.
 C = Inter-level travel time spent in this place.
 D = Time resting spent in this place.
 E = Time spent auto-exploring this place.
 F = Levels seen in this place.
 G = Mean time per level.
                   A        B        C        D        E       F      G
               +--------+--------+--------+--------+--------+-----+--------+
         Total |    287 |    287 |      0 |      0 |    207 |   1 |  287.0 |
       Dungeon |    287 |    287 |      0 |      0 |    207 |   1 |  287.0 |
               +--------+--------+--------+--------+--------+-----+--------+

Top non-repeatable levels by time:
     D:1: 287 daAuts
